 Dungeon Crawl Stone Soup version 0.29-a0-995-g8a7feb118f (webtiles) character file.

Game seed: 3611178820462481629

61 BlueGoblin the Shooter (level 4, 0/37 HPs)
             Began as a Meteoran Hunter on Aug 4, 2022.
             Slain by a goblin
             ... wielding a +0 dagger
             ... led by Robin
              (1 damage)
             ... on level 2 of the Dungeon.
             The game lasted 00:04:04 (939 turns).

BlueGoblin the Shooter (Meteoran Hunter)             Turns: 939, Time: 00:04:05

Health: 0/37       AC:  3    Str: 12    XL:     4   Next: 51%
Magic:  5/5        EV: 12    Int: 11    God:
Gold:   142        SH:  0    Dex: 19    Spells: 3/3 levels left

rFire   . . .      SeeInvis .   d - +0 short sword
rCold   . . .      Faith    .   (no shield)
rNeg    . . .      Spirit   .   c - +0 leather armour
rPois   .          Reflect  .   (no helmet)
rElec   .          Harm     .   (no cloak)
rCorr   .          Rampage  .   (no gloves)
Will    .....                   (no boots)
Stlth   +.........              (no amulet)
HPRegen 0.12/turn               (no ring)
MPRegen 0.09/turn               (no ring)

@: attractive, glowing
A: sense surroundings 1, otherworldly, glowing, explore regen
a: no special abilities


You were on level 2 of the Dungeon.
You visited 1 branch of the dungeon, and saw 2 of its levels.

You collected 142 gold pieces.

Inventory:

Hand Weapons
 a - a +1 shortbow
 d - a +0 short sword (weapon)
Armour
 c - a +0 leather armour (worn)
 l - a +0 ring mail
Jewellery
 j - a +4 ring of protection
Wands
 i - a wand of mindburst (16)
Scrolls
 b - a scroll of immolation
Potions
 f - a potion of resistance {unknown}
 k - a potion of brilliance


   Skills:
 + Level 2.5 Fighting
 + Level 5.7 Ranged Weapons
 + Level 1.0 Armour
 + Level 2.5 Dodging
 - Level 0.6 Stealth


You had 3 spell levels left.
You didn't know any spells.
Your spell library contained the following spells:

 Spells                   Type           Power      Damage    Failure   Level
 Magic Dart               Conj           0%         1d3       41%         1
 Searing Ray              Conj           0%         2d4       56%         2
 Fulminant Prism          Conj/Hex       0%         3d6       99%         4


Dungeon Overview and Level Annotations

Branches:
Dungeon (2/15) Zot: 220

Altars:
Dithmenos

Annotations:
D:2 1 runed translucent door, Crazy Yiuf, Robin


Innate Abilities, Weirdness & Mutations

You passively map a small area around you.
You are easily found by Zot.
You glow in the dark.
You regain HP and MP as you explore.


Message History

You bump into the rock wall.
The hobgoblin hits you.
* * * LOW HITPOINT WARNING * * *
The goblin hits you but does no damage. The goblin hits you with a +0 dagger.
* * * LOW HITPOINT WARNING * * *
Robin hits you from afar with a +0 spear.
* * * LOW HITPOINT WARNING * * *
It was a potion of attraction.
You feel attractive to monsters.
The hobgoblin hits you but does no damage.
The goblin closely misses you. The goblin hits you but does no damage.
Robin hits you from afar with a +0 spear.
* * * LOW HITPOINT WARNING * * *
You bump into the rock wall.
The hobgoblin hits you. The goblin hits you with a +0 dagger.
* * * LOW HITPOINT WARNING * * *
The goblin hits you with a +0 dagger.
* * * LOW HITPOINT WARNING * * *
Robin hits you from afar with a +0 spear.
* * * LOW HITPOINT WARNING * * *
You bump into the rock wall.
The hobgoblin hits you.
* * * LOW HITPOINT WARNING * * *
The goblin closely misses you. The goblin misses you.
Robin hits you from afar with a +0 spear.
* * * LOW HITPOINT WARNING * * *
You closely miss the hobgoblin.
You feel less invigorated.
You feel less confused.
The hobgoblin no longer looks unusually strong.
The hobgoblin misses you. The goblin hits you with a +0 dagger.
* * * LOW HITPOINT WARNING * * *
The goblin hits you but does no damage.
Robin hits you from afar with a +0 spear.
* * * LOW HITPOINT WARNING * * *
You hit the goblin.
The goblin is severely wounded.
The hobgoblin hits you.
* * * LOW HITPOINT WARNING * * *
The goblin hits you with a +0 dagger.
* * * LOW HITPOINT WARNING * * *
The goblin hits you with a +0 dagger.
You die...

*,,,,,,,,,,,,*,*,*,,***
*******,**,...,*,,,,,,*
*,,,,..#,,,****,*
*,*#,#.#,*,* *,* ##
*,*#g#g.,*,* *,*
<##########*****)#.###,****,*
...........,,,,,,g...,,,,>,,*
.######.#.#***####g#**,****,*
........#.# #g@g.# *,* *,*
........#.# #g#### *,* ***
........#.#####.# *,*
................# *,*
.......##†####### *,*
..............# ******,*
..............# *,,,,<,*
..##..........#**,*,,,,*
#.##............>,,,****


You could see Robin, a hobgoblin and 2 goblins.

Vanquished Creatures
  An adder (D:2)
  2 dart slugs (D:2)
  5 ball pythons
  5 bats
  An endoplasm (D:2)
  A giant cockroach (D:2)
  8 goblins
  4 hobgoblins
  A jackal (D:2)
  3 kobolds
  3 quokkas
  2 frilled lizards (D:1)
  8 rats
44 creatures vanquished.

Notes
Turn   | Place    | Note
-------+----------+-------------------------------------------
     0 | D:1      | BlueGoblin the Meteoran Hunter began the quest for the Orb.
     0 | D:1      | Reached XP level 1. HP: 17/17 MP: 2/2
    84 | D:1      | Reached XP level 2. HP: 24/24 MP: 3/3
   183 | D:1      | Found a faded altar of an unknown god.
   260 | D:1      | Reached skill level 5 in Ranged Weapons
   300 | D:1      | Reached XP level 3. HP: 22/29 MP: 4/4
   483 | D:1      | Glimpsed the power of Zot.
   514 | D:2      | Found a shadowy altar of Dithmenos.
   747 | D:2      | Reached XP level 4. HP: 37/37 MP: 5/5
   783 | D:2      | Found a runed translucent door.
   784 | D:2      | Noticed Crazy Yiuf
   900 | D:2      | Noticed Robin
   931 | D:2      | HP: 1/37 [goblin/+0 dagger[Robin] (2)]
   933 | D:2      | Reached skill level 1 in Armour
   939 | D:2      | HP: 1/37 [goblin/+0 dagger[Robin] (5)]
   939 | D:2      | Slain by a goblin

Illustrated notes

Levels and vault maps discovered:
D:1:      dpeg_arrival_renting, layout_basic, chequers_ecumenical_altar_island,
          minmay_unequal
D:2:      layout_basic, basic_altar, minmay_three_crescents, uniq_jessica,
          uniq_robin, uniq_crazy_yiuf_cottage

Skill      XL: |  1  2  3  4 |
---------------+-------------+-----
Ranged Weapons | 5 |  5.7
Armour         | 1 |  1.0
Fighting       | |  2.5
Dodging        | |  2.5
Stealth        | |  0.6

Action                   |  1- 3 |  4- 6 || total
-------------------------+-------+-------++-------
Melee: Short sword       |       |    15 ||    15
 Fire: Shortbow          |   106 |    23 ||   129
  Use: Scroll            |     6 |     1 ||     7
       Potion            |       |     6 ||     6
Armor: Leather armour    |    23 |    22 ||    45
Dodge: Dodged            |    37 |    37 ||    74

Table legend: (Time is in decaauts)
 A = Elapsed time spent in this place.
 B = Non-inter-level travel time spent in this place.
 C = Inter-level travel time spent in this place.
 D = Time resting spent in this place.
 E = Time spent auto-exploring this place.
 F = Levels seen in this place.
 G = Mean time per level.
                   A        B        C        D        E       F      G
               +--------+--------+--------+--------+--------+-----+--------+
         Total |    978 |    978 |      0 |      0 |    664 |   2 |  489.0 |
       Dungeon |    978 |    978 |      0 |      0 |    664 |   2 |  489.0 |
               +--------+--------+--------+--------+--------+-----+--------+

Top non-repeatable levels by time:
     D:1: 531 daAuts
     D:2: 447 daAuts
